 Dungeon Crawl Stone Soup version 0.22-a0-443-g17c3723 (webtiles) character file.

93 xccam the Skirmisher (level 4, -1/42 HPs)
             Began as a Minotaur Monk on June 1, 2018.
             Slain by Robin
             ... wielding a +0 falchion
              (8 damage)
             ... on level 2 of the Dungeon.
             The game lasted 00:02:15 (1713 turns).

xccam the Skirmisher (Minotaur Monk)                Turns: 1713, Time: 00:02:16

Health: -1/42      AC:  0    Str: 16    XL:     4   Next: 37%
Magic:  3/3        EV: 13    Int:  7    God:
Gold:   71         SH:  0    Dex: 13    Spells: 3/3 levels left

rFire    . . .     SeeInvis .     - Unarmed
rCold    . . .     Gourm    .   (no shield)
rNeg     . . .     Faith    .   (no armour)
rPois    .         Spirit   .   (helmet restricted)
rElec    .         Reflect  .   (no cloak)
rCorr    .         Harm     .   (no gloves)
MR       .....                  (no boots)
Stlth    ++........             (no amulet)
HPRegen  0.14/turn              (no ring)
MPRegen  0.08/turn              (no ring)

@: no status effects
A: retaliatory headbutt, horns 2
a: no special abilities


You were on level 2 of the Dungeon.
You were hungry.

You visited 1 branch of the dungeon, and saw 2 of its levels.

You collected 71 gold pieces.

Inventory:

Jewellery
 k - a cursed ring of loudness {unknown}
 m - an uncursed amulet of guardian spirit {unknown}
 n - an uncursed ring of stealth {unknown}
Scrolls
 a - a scroll of teleportation {unknown}
 c - a scroll of fog {unknown}
 d - 2 scrolls of enchant armour {unknown}
 e - 3 scrolls of remove curse {unknown}
 f - a scroll of blinking {unknown}
 g - 2 scrolls of random uselessness {unknown}
 h - a scroll of amnesia {unknown}
 i - 4 scrolls of identify {unknown}
 j - 3 scrolls of immolation {unknown}
Comestibles
 b - 6 rations


   Skills:
 + Level 5.1 Fighting
 - Level 3.2 Dodging
 - Level 1.5 Stealth
 + Level 4.6 Unarmed Combat


You had 3 spell levels left.
You didn't know any spells.
Your spell library was empty.

Dungeon Overview and Level Annotations

Branches:
Dungeon (2/15)

Altars:
Gozag
Trog

Annotations:
D:2 Robin


Innate Abilities, Weirdness & Mutations

You reflexively headbutt those who attack you in melee.
You have a pair of horns on your head.


Message History

You kill the goblin!
You are feeling hungry.
You hit the goblin.
The goblin is heavily wounded.
The goblin hits you with a dagger. Robin throws the goblin at you!
* * * LOW HITPOINT WARNING * * *
You closely miss the goblin.
The goblin is heavily wounded.
The goblin completely misses you. You furiously retaliate!
You headbutt the goblin.
You kill the goblin!
The goblin hits you with a club.
* * * LOW HITPOINT WARNING * * *
You hit the goblin.
You kill the goblin!
You aren't carrying any potions.
You hit Robin. You headbutt Robin!
Robin is almost dead.
Robin hits you with a falchion!
You die...

......# #.# #.# #.#.####....#
......# #.# #.###..(.###.##..#
......# #.# #....##..#...## ..
......# ##.#######.#........# #
......# #..##......>..#####.####
......####.###.####.##.###.......
.....>##........# #..............
##.#####.....÷..###..).#.........
##..####.....†))@g...)....#######
##.............)###.......#
##.#####..................# ##.#
##.....)..###.......### ##.#
#.........###......<..#
##.####..........##.......#.#
##...#...........##########.#
###...##.######.##### #.#
#####.###.# #.....######.####


You could see Robin.

Vanquished Creatures
  2 adders (D:2)
  A gnoll (D:1)
  An ooze (D:2)
  A worm (D:2)
  A dart slug (D:1)
  3 leopard geckos
  A giant cockroach (D:1)
  18 goblins
  6 hobgoblins
  3 jackals (D:2)
  7 bats
  2 frilled lizards (D:1)
  A kobold (D:2)
  A rat (D:1)
48 creatures vanquished.

Notes
Turn   | Place    | Note
-------+----------+-------------------------------------------
     0 | D:1      | xccam the Minotaur Monk began the quest for the Orb.
     0 | D:1      | Reached XP level 1. HP: 19/19 MP: 0/0
   126 | D:1      | Reached skill level 4 in Fighting
   200 | D:1      | Reached XP level 2. HP: 27/27 MP: 1/1
   554 | D:1      | Reached XP level 3. HP: 32/34 MP: 2/2
  1289 | D:2      | Found a bloodstained altar of Trog.
  1358 | D:2      | Reached XP level 4. HP: 30/41 MP: 3/3
  1394 | D:2      | Noticed Robin
  1415 | D:2      | Reached skill level 5 in Fighting
  1578 | D:2      | Found an opulent altar of Gozag.
  1713 | D:2      | Slain by Robin

Vault maps used:
D:1:      scummos_arrival_hexagon
D:2:      grunt_gozag_breadcrumbs, overflow_temple_1_default,
          overflow_temple_1_default, uniq_robin

Skill      XL: |  1  2  3  4 |
---------------+-------------+-----
Fighting       | 4 5 |  5.1
Unarmed Combat | 4 |  4.6
Dodging        | |  3.2
Stealth        | |  1.5

Action                   |  1- 3 |  4- 6 || total
-------------------------+-------+-------++-------
Melee: Unarmed           |    56 |    40 ||    96
       Headbutt          |     5 |     4 ||     9
 Stab: Sleeping          |     2 |       ||     2
  Eat: Chunk             |     1 |     1 ||     2
Dodge: Dodged            |    47 |    31 ||    78

Table legend:
 A = Spawn XP
 B = Non-spawn XP
 C = Spawn XP percentage of total XP
 D = Spawn monster count
 E = Non-spawn monster count
 F = Spawn count percentage of total count
 G = Total turns spent on level
                    A         B        C        D         E        F      G
               +---------+---------+-------+---------+---------+-------+---------
         Total |       0 |     134 |   0.0 |       0 |      48 |   0.0 |  1713
               +---------+---------+-------+---------+---------+-------+---------
           D:1 |       0 |      47 |   0.0 |       0 |      19 |   0.0 |  1040
           D:2 |       0 |      87 |   0.0 |       0 |      29 |   0.0 |   673
               +---------+---------+-------+---------+---------+-------+---------
